 Dungeon Crawl Stone Soup version 0.23.2-33-g5129a83184 (webtiles) character file.

Game seed: 1334619266464776599

215 zavtrazima the Chopper (level 5, 0/50 HPs)
             Began as a Hill Orc Fighter on July 5, 2019.
             Was an Initiate of Gozag.
             Succumbed to an adder's poison
             ... on level 5 of the Dungeon.
             The game lasted 00:21:00 (2836 turns).

zavtrazima the Chopper (Hill Orc Fighter)           Turns: 2836, Time: 00:21:01

Health: 0/50       AC:  9    Str: 22      XL:     5   Next: 92%
Magic:  5/5        EV:  6    Int:  7 (8)  God:    Gozag
Gold:   295        SH:  9    Dex:  9 (10) Spells: 4/4 levels left

rFire    . . .     SeeInvis .   a - +1 war axe
rCold    . . .     Gourm    .   l - +0 shield
rNeg     . . .     Faith    .   i - +0 chain mail
rPois    .         Spirit   .   (no helmet)
rElec    .         Reflect  .   (no cloak)
rCorr    .         Harm     .   (no gloves)
MR       .....                  (no boots)
Stlth    ..........             n - amulet of magic regeneration
HPRegen  0.16/turn              h - ring of stealth
MPRegen  0.34/turn              (no ring)

@: lethally poisoned (0 -> -1)
A: mutation resistance 1, robust 1, strong 1
a: Potion Petition, Call Merchant, Bribe Branch, Renounce Religion


You were on level 5 of the Dungeon.
You worshipped Gozag.
Gozag was aware of your devotion.
You were very hungry.

You visited 1 branch of the dungeon, and saw 4 of its levels.

You collected 323 gold pieces.
You paid 28 gold pieces to Gozag.

Inventory:

Hand Weapons
 a - a +1 war axe (weapon)
Armour
 i - a +0 chain mail (worn)
 l - a +0 shield (worn)
Jewellery
 h - a ring of stealth (left hand)
 n - an amulet of magic regeneration (around neck)
Scrolls
 b - a scroll of fog
 c - a scroll of teleportation
 e - 4 scrolls of identify
 g - a scroll of magic mapping
 k - 2 scrolls of remove curse
Potions
 d - a potion of might
 m - a potion of brilliance
Comestibles
 f - 5 rations


   Skills:
 + Level 4.1 Fighting
 * Level 5.4 Axes
 * Level 4.4 Armour
 * Level 1.2 Dodging
 + Level 4.0 Shields


You had 4 spell levels left.
You didn't know any spells.
Your spell library was empty.

Dungeon Overview and Level Annotations

Branches:
Dungeon (3/15)

Altars:
Dithmenos
Gozag
Zin


Innate Abilities, Weirdness & Mutations

You are somewhat resistant to further mutation.
You are robust. (+10% HP)
Your muscles are strong. (Str +2)


Message History

The gnoll hits you but does no damage. The gnoll barely misses you.
You slash the gnoll!
The gnoll is severely wounded.
You hit the gnoll. The gnoll hits you with a +0 spear.
* * * LOW HITPOINT WARNING * * *
You block the gnoll's attack. x2
It was a potion of mutation.
You feel extremely strange.
You feel stronger.
You feel genetically stable.
You feel robust. The gnoll hits you with a +0 spear.
* * * LOW HITPOINT WARNING * * *
You block the gnoll's attack.
As you read the scroll labeled GESOLU BASMITUSTI, it crumbles to dust.
You hear a very strange noise.
It was a scroll of random uselessness.
The gnoll hits you but does no damage. You block the gnoll's attack.
As you read the scroll labeled PUPADU NIYTH, it crumbles to dust.
It is a scroll of enchant weapon.
Your +0 war axe glows red for a moment.
You die...
Your body crumbles into a pile of gold.

##.........
#.........#
#.........#
#)........#
#.........#
#.........#
#...g....#
#...@g#.#####
#####.......#
#.$.....#
#........#
#........#
#.........
#.........
#.......##
#........


You could see 2 gnolls.

Vanquished Creatures
  A bullfrog skeleton (D:3)
  An orc wizard (D:3)
  5 gnolls
  3 adders
  An ooze (D:3)
  A worm (D:2)
  A dart slug (D:2)
  A leopard gecko (D:1)
  8 orcs (D:3)
  3 bats (D:1)
  4 giant cockroaches
  5 hobgoblins
  4 jackals (D:2)
  4 kobolds
  5 quokkas
  2 ball pythons
  3 frilled lizards
  7 goblins
  A jackal skeleton (D:5)
  6 rats
66 creatures vanquished.

Notes
Turn   | Place    | Note
-------+----------+-------------------------------------------
     0 | D:1      | zavtrazima the Hill Orc Fighter began the quest for the
                  | Orb.
     0 | D:1      | Reached XP level 1. HP: 19/19 MP: 1/1
   416 | D:1      | Reached XP level 2. HP: 27/27 MP: 2/2
   480 | D:1      | Reached skill level 3 in Axes
   907 | D:2      | Reached XP level 3. HP: 10/33 MP: 3/3
  1236 | D:2      | Found an opulent altar of Gozag.
  1264 | D:2      | Became a worshipper of Gozag Ym Sagoz the Greedy
  1494 | D:2      | Reached XP level 4. HP: 39/40 MP: 4/4
  1957 | D:3      | Reached skill level 4 in Axes
  2214 | D:3      | Reached XP level 5. HP: 40/46 MP: 5/5
  2222 | D:3      | Reached skill level 5 in Axes
  2222 | D:3      | Reached skill level 1 in Dodging
  2226 | D:3      | Found a glowing silver altar of Zin.
  2261 | D:3      | HP: 2/46 [poisoned by an orc wizard]
  2647 | D:3      | Found a shadowy altar of Dithmenos.
  2816 | D:3      | You fall through a shaft for 2 floors!
  2816 | D:5      | Entered Level 5 of the Dungeon
  2834 | D:5      | Gained mutation: Your muscles are strong. (Str +2) [potion
                  | of mutation]
  2834 | D:5      | Gained mutation: You are somewhat resistant to further
                  | mutation. [potion of mutation]
  2834 | D:5      | Gained mutation: You are robust. (+10% HP) [potion of
                  | mutation]
  2834 | D:5      | HP: 1/50 [gnoll/+0 spear (2)]
  2836 | D:5      | Succumbed to an adder's poison

Skill      XL: |  1  2  3  4  5 |
---------------+----------------+-----
Axes           | 3 4 5 |  5.4
Fighting       | 4 |  4.1
Armour         | 4 |  4.4
Dodging        | 1 |  1.2
Shields        | 4 |  4.0

Action                   |  1- 3 |  4- 6 || total
-------------------------+-------+-------++-------
Melee: War axe           |   134 |    96 ||   230
  Use: Scroll            |     4 |     5 ||     9
       Potion            |     1 |     5 ||     6
 Stab: Distracted        |     1 |       ||     1
  Eat: Chunk             |     2 |       ||     2
       Ration            |       |     1 ||     1
Armor: Scale mail        |    17 |       ||    17
       Chain mail        |    61 |    61 ||   122
Dodge: Dodged            |    32 |    25 ||    57
Block: Shield            |    77 |    55 ||   132
